 Dungeon Crawl Stone Soup version 0.19.1-1-g22dce08 (webtiles) character file.

3029 Mefis the Thaumaturge (level 9, -9/49 HPs)
             Began as a Deep Elf Wizard on Jan 1, 2017.
             Was a Priest of Sif Muna.
             Mangled by an ogre
             ... wielding a +0 giant club
              (20 damage)
             ... on level 7 of the Dungeon.
             The game lasted 00:33:59 (11440 turns).

Mefis the Thaumaturge (Deep Elf Wizard)            Turns: 11440, Time: 00:34:00

Health: -9/49      AC:  6    Str:  4    XL:     9   Next: 56%
Magic:  11/23      EV: 15    Int: 35    God:    Sif Muna [***...]
Gold:   83         SH:  0    Dex: 13    Spells: 9 memorised, 3 levels left

rFire  . . .     SeeInvis .     L - +4 dagger "Morg" {pain, MR+ Int+5}
rCold  + . .     Gourm    +     T - +1 robe of Mirth {rN+ Int+3} (curse)
rNeg   + . .     Faith    .     (no shield)
rPois  +         Spirit   .     P - +0 helmet
rElec  .         Reflect  .     F - +0 cloak
rCorr  .         Harm     .     v - +0 pair of gloves
MR     +....                    (no boots)
Stlth  +++.......               R - amulet of the gourmand
                                w - ring of protection from cold
                                Q - ring of poison resistance

@: repel missiles
A: no striking features
a: Divine Energy, Channel Magic, Renounce Religion


You were on level 7 of the Dungeon.
You worshipped Sif Muna.
Sif Muna was most pleased with you.
You were not hungry.

You visited 2 branches of the dungeon, and saw 8 of its levels.
You also visited: Sewer.

You collected 345 gold pieces.
You spent 262 gold pieces at shops.

Inventory:

Hand Weapons
 h - a +1 dagger
 z - a cursed -1 spear
 G - a +1 dagger of protection
 K - a +1 spear of piercing
 L - the +4 dagger "Morg" (weapon) {pain, MR+ Int+5}
   (You took it off a gnoll on level 5 of the Dungeon)

   In the hands of one skilled in necromantic magic, it inflicts extra damage on
   living creatures.
   It affects your intelligence (+5).
   It affects your resistance to hostile enchantments.
Missiles
 D - 18 poisoned needles
 H - 5 javelins (quivered)
Armour
 a - a +0 robe
 b - a +0 hat
 v - a +0 pair of gloves (worn)
 E - a +0 buckler
 F - a +0 cloak (worn)
 P - a +0 helmet (worn)
 T - the cursed +1 robe of Mirth (worn) {rN+ Int+3}
   (You bought it in a shop on level 4 of the Dungeon)

   It affects your intelligence (+3).
   It protects you from negative energy.
   It has a curse placed upon it.
Magical Staves
 I - an uncursed staff of wizardry
Jewellery
 g - an uncursed ring of see invisible
 w - a ring of protection from cold (right hand)
 J - an uncursed ring of ice
 Q - a ring of poison resistance (left hand)
 R - an amulet of the gourmand (around neck)
Wands
 n - a wand of digging (14/24)
Scrolls
 e - 8 scrolls of enchant weapon
 f - 2 scrolls of recharging
 l - 2 scrolls of teleportation
 m - 5 scrolls of remove curse
 s - a scroll of noise
 u - 2 scrolls of fog
 x - 5 scrolls of random uselessness
 y - a scroll of enchant armour
 C - a scroll of amnesia
 O - a scroll of holy word
Potions
 j - 4 potions of heal wounds
 k - a potion of brilliance
 o - a potion of haste
 p - 3 potions of degeneration
 q - 4 potions of flight
 t - 2 potions of lignification {unknown}
 B - a potion of resistance {unknown}
 U - a potion of magic {unknown}
Books
 c - a book of Minor Magic

   Spells                             Type                      Level
   a - Magic Dart                     Conjuration                  1
   b - Blink                          Translocation                2
   c - Call Imp                       Summoning                    2
   d - Repel Missiles                 Charms/Air                   2
   e - Slow                           Hexes                        2
   f - Conjure Flame                  Conjuration/Fire             3
   g - Mephitic Cloud                 Conjuration/Poison/Air       3
 N - the Collected Works on Boosting Transformation
   (You found it on level 6 of the Dungeon)

   Spells                             Type                      Level
   a - Song of Slaying                Charms                       2
   b - Ozocubu's Armour               Charms/Ice                   3
   c - Ice Form                       Ice/Transmutation            4
 S - a book of Misfortune

   Spells                             Type                      Level
   a - Confusing Touch                Hexes                        1
   b - Confuse                        Hexes                        3
   c - Gell's Gravitas                Hexes/Translocation          3
   d - Petrify                        Transmutation/Earth          4
   e - Metabolic Englaciation         Hexes/Ice                    5
   f - Yara's Violent Unravelling     Hexes/Transmutation          5
Comestibles
 d - 6 bread rations
 i - 2 slices of pizza
 r - 2 beef jerkies
 A - 7 fruits
 M - 4 meat rations


   Skills:
 + Level 2.8 Fighting
 + Level 5.3 Dodging
 + Level 5.4 Stealth
 + Level 1.7 Shields
 * Level 8.5 Spellcasting
 + Level 4.1 Conjurations
 + Level 3.9 Hexes
 - Level 3.9 Charms
 - Level 3.3 Summonings
 - Level 2.1 Translocations
 * Level 3.1 Ice Magic
 + Level 3.3 Air Magic
 - Level 2.6 Poison Magic
 + Level 3.1 Invocations
 + Level 3.2 Evocations


You had 3 spell levels left.
You knew the following spells:

 Your Spells              Type           Power        Failure   Level  Hunger
a - Magic Dart            Conj           ####         1%          1    None
b - Call Imp              Summ           #####...     1%          2    None
c - Blink                 Tloc           N/A          1%          2    None
d - Ice Form              Ice/Tmut       ####....     17%         4    None
e - Mephitic Cloud        Conj/Pois/Air  #####...     1%          3    None
f - Conjure Flame         Conj/Fire      ####....     4%          3    None
g - Slow                  Hex            #####...     1%          2    None
o - Repel Missiles        Chrm/Air       #####.       1%          2    None
p - Ozocubu's Armour      Chrm/Ice       #####...     1%          3    None


Dungeon Overview and Level Annotations

Branches:
Dungeon (7/15)             Temple (1/1) D:5

Altars:
Ashenzari
Cheibriados
Dithmenos
Elyvilon
Gozag
Kikubaaqudgha
Makhleb
Nemelex Xobeh
Qazlal
Ru
Sif Muna
Trog
Uskayaw
Vehumet
Xom
Yredelemnul
Zin
The Shining One

Shops:
D:4 [

Annotations:
D:4 262 robe, 110 buckler
D:5 1 runed door


Message History

The worker ant barely misses you. The ogre hits you with a giant club!!
Casting: Magic Dart
Confirm with . or Enter, or press ? or * to list all spells.
Aiming: Magic Dart
Press: ? - help, Shift-Dir - straight line, f/p - ogre
Aim: an ogre, wielding a giant club (lightly wounded)
The magic dart hits the ogre.
The ogre is moderately wounded.
The worker ant bites you.
Casting: Magic Dart
Confirm with . or Enter, or press ? or * to list all spells.
Aiming: Magic Dart
Press: ? - help, Shift-Dir - straight line, f/p - ogre
Aim: an ogre, wielding a giant club (moderately wounded)
The magic dart hits the ogre.
The ogre is moderately wounded.
The worker ant bites you.
* * * LOW HITPOINT WARNING * * *
The ogre hits you with a giant club!!
You die...

.##...#.....#
...........##
.###.......# #
##.###..#.##.# ..
..........##...
##.##.###..####.#.#
......####>.......#
......a............
......O@........##
...##.########### #


You could see an ogre and a worker ant.

Vanquished Creatures
  A hungry ghost (D:7)
  2 necrophages
  An orc warrior (D:6)
  2 sky beasts
  3 ogres
  A hornet zombie (D:5)
  2 big kobolds
  3 bullfrogs (D:6)
  A gnoll sergeant (D:5)
  3 scorpions
  A wight (D:6)
  A bullfrog zombie (D:5)
  4 crimson imps
  2 hounds
  4 orc priests
  A bullfrog skeleton (D:4)
  A centaur skeleton (D:4)
  7 orc wizards
  2 iguanas (D:7)
  5 gnoll shamans (D:5)
  4 worker ants
  9 adders
  26 gnolls
  A river rat (Sewer)
  3 shadow imps
  An ooze (D:1)
  An adder zombie (D:7)
  An adder skeleton (D:4)
  A worm (D:2)
  6 leopard geckos
  17 orcs
  2 ball pythons (D:3)
  8 giant cockroaches
  11 goblins
  12 hobgoblins
  32 jackals
  23 kobolds
  2 quokkas
  5 bats
  5 frilled lizards
  2 jackal skeletons
  2 leopard gecko skeletons
  A quokka skeleton (D:5)
  9 rats
231 creatures vanquished.

Vanquished Creatures (collateral kills)
  The ghost of Slime the Bolt Thrower, an amateur KoHu (D:3)
  An orc priest (D:4)
  An orc wizard (D:4)
  A worker ant (D:5)
  A gnoll (D:5)
  An adder (D:2)
  A river rat (Sewer)
  3 worms
  An orc (D:5)
  A ball python (D:2)
  A giant cockroach (D:2)
  A goblin (D:2)
  A hobgoblin (D:2)
  A jackal (D:5)
  A frilled lizard (D:2)
  3 rats
20 creatures vanquished.

Grand Total: 251 creatures vanquished

Notes
Turn   | Place    | Note
-------+----------+-------------------------------------------
     0 | D:1      | Mefis the Deep Elf Wizard began the quest for the Orb.
     0 | D:1      | Reached XP level 1. HP: 10/10 MP: 7/7
   159 | D:1      | Reached XP level 2. HP: 15/15 MP: 5/9
   163 | D:1      | Learned a level 2 spell: Call Imp
   166 | D:1      | Learned a level 2 spell: Blink
   169 | D:1      | Learned a level 2 spell: Repel Missiles
   560 | D:1      | Reached skill level 5 in Spellcasting
   824 | D:1      | Reached XP level 3. HP: 20/20 MP: 9/11
   829 | D:1      | Learned a level 3 spell: Mephitic Cloud
  1538 | D:2      | Reached skill level 1 in Poison Magic
  1680 | D:2      | Reached XP level 4. HP: 15/24 MP: 1/13
  1831 | D:2      | Found a deep blue altar of Sif Muna.
  1834 | D:2      | Became a worshipper of Sif Muna the Loreminder
  2225 | D:2      | Reached skill level 1 in Fighting
  2741 | D:3      | Learned a level 3 spell: Conjure Flame
  2877 | D:3      | Reached skill level 1 in Air Magic
  2877 | D:3      | Reached XP level 5. HP: 18/29 MP: 3/15
  2881 | D:3      | Learned a level 2 spell: Slow
  3094 | D:3      | Noticed Slime's ghost (amateur KoHu)
  3116 | D:3      | Killed Slime's ghost
  3500 | D:3      | Reached skill level 1 in Charms
  3687 | D:3      | Reached * piety under Sif Muna
  3687 | D:3      | Reached XP level 6. HP: 29/34 MP: 2/16
  4027 | D:4      | Found a glowing drain.
  4033 | Sewer    | Entered a sewer
  4072 | Sewer    | Reached skill level 6 in Spellcasting
  4290 | Sewer    | Found a white marble altar of Elyvilon.
  4720 | D:4      | Reached skill level 1 in Hexes
  4744 | D:4      | Reached skill level 1 in Evocations
  5028 | D:4      | Found Kitonwoq's Armour Shop.
  5223 | D:4      | Reached skill level 1 in Invocations
  5223 | D:4      | Reached XP level 7. HP: 38/38 MP: 2/18
  5593 | D:5      | Entered Level 5 of the Dungeon
  5654 | D:4      | Found a burning altar of Makhleb.
  5938 | D:5      | Found a white marble altar of Elyvilon.
  5938 | D:5      | Noticed an angel
  5939 | D:5      | Found a runed door.
  6514 | D:5      | Reached ** piety under Sif Muna
  6855 | D:5      | Reached skill level 7 in Spellcasting
  7064 | D:5      | Reached XP level 8. HP: 43/43 MP: 12/20
  7973 | D:5      | Reached skill level 1 in Shields
  8570 | D:5      | Found a staircase to the Ecumenical Temple.
  8582 | Temple   | Entered the Ecumenical Temple
  9373 | D:6      | Identified the Collected Works on Boosting Transformation
  9379 | D:6      | Learned a level 3 spell: Ozocubu's Armour
  9506 | D:6      | Reached skill level 1 in Ice Magic
  9686 | D:6      | Found a shimmering altar of Xom.
  9726 | D:6      | Reached *** piety under Sif Muna
  9726 | D:6      | Reached XP level 9. HP: 49/49 MP: 7/22
  9735 | D:6      | Learned a level 4 spell: Ice Form
  9991 | D:6      | Reached skill level 5 in Stealth
 10057 | D:6      | Reached skill level 5 in Dodging
 10280 | D:6      | Reached skill level 8 in Spellcasting
 11020 | D:4      | Bought the cursed +1 robe of Mirth {rN+ Int+3} for 262 gold pieces
 11440 | D:7      | Mangled by an ogre

Skill      XL: |  1  2  3  4  5  6  7  8  9 |
---------------+----------------------------+-----
Spellcasting   | 5 6 7 8 |  8.5
Poison Magic   | 1 2 |  2.6
Stealth        | 3 4 5 |  5.4
Fighting       | 1 2 |  2.8
Air Magic      | 1 2 3 |  3.3
Dodging        | 3 4 5 |  5.3
Conjurations   | 2 3 4 |  4.1
Charms         | 1 2 3 |  3.9
Hexes          | 1 2 3 |  3.9
Evocations     | 1 2 3 |  3.2
Invocations    | 1 2 3 |  3.1
Summonings     | 2 3 |  3.3
Translocations | 2 |  2.1
Shields        | 1 |  1.7
Ice Magic      | 1 3 |  3.1

Action                   |  1- 3 |  4- 6 |  7- 9 || total
-------------------------+-------+-------+-------++-------
Melee: Dagger            |     6 |    30 |    48 ||    84
       Staff             |       |       |    23 ||    23
Throw: Tomahawk          |       |       |     5 ||     5
       Javelin           |       |       |     1 ||     1
 Cast: Magic Dart        |    95 |   216 |   404 ||   715
       Repel Missiles    |     1 |       |     1 ||     2
       Call Imp          |     9 |    12 |     8 ||    29
       Blink             |     1 |       |     5 ||     6
       Conjure Flame     |       |     2 |    13 ||    15
       Mephitic Cloud    |       |     8 |    38 ||    46
  Use: Potion            |     3 |       |       ||     3
       Scroll            |       |     7 |     8 ||    15
 Stab: Sleeping          |     2 |     7 |     1 ||    10
       Confused          |       |       |    13 ||    13
       Distracted        |       |       |     1 ||     1
  Eat: Chunk             |     2 |    10 |    22 ||    34
       Meat ration       |       |       |     1 ||     1
Armor: Robe              |     3 |    13 |    18 ||    34
Dodge: Dodged            |    18 |    53 |    95 ||   166
       Deflected         |       |     1 |     6 ||     7
